 Dungeon Crawl Stone Soup version 0.31.0-12-g77e489cdc1 (webtiles) character file.

Game seed: 3975643440224233127

249 jimonade the Covert (level 6, -1/50 HPs)
             Began as a Gnoll Brigand on Feb 28, 2024.
             Was an Initiate of Ru.
             Incinerated by a bombardier beetle (3 damage)
             ... with a burning spray
             ... on level 3 of the Dungeon.
             The game lasted 00:07:56 (2105 turns).

jimonade the Covert (Gnoll Brigand)                 Turns: 2105, Time: 00:07:57

Health: -1/50      AC:  7    Str: 11    XL:     6   Next: 12%
Magic:  8/8        EV: 12    Int: 10    God:    Ru [......]
Gold:   75         SH:  0    Dex: 15    Spells: 8/8 levels left

rFire   . . .        a - +2 dagger
rCold   . . .        (no shield)
rNeg    . . .        y - +3 leather armour "Hissotik" {rElec}
rPois   .            (no helmet)
rElec   +            o - +0 cloak
rCorr   .            (no gloves)
SInv    .            (no boots)
Will    .....        r - amulet of the acrobat
Stlth   ++           s - ring of flight
HPRegen 0.28/turn    (no ring)
MPRegen 0.11/turn

%: acrobat
@: on fire, flying, glowing
A: fangs 1, strong nose, distributed training
a: Renounce Religion


You were on level 3 of the Dungeon.
You worshipped Ru.
Ru was noncommittal.
You visited 1 branch of the dungeon, and saw 3 of its levels.

You collected 75 gold pieces.

Inventory:

Hand Weapons
 a - a +2 dagger (weapon)
 j - a +0 short sword
 k - a +0 long sword
 t - a +4 quarterstaff of chaos
Missiles
 d - 11 poisoned darts (quivered)
 e - 3 curare-tipped darts
Armour
 b - a +0 robe
 c - a +0 cloak
 g - a +0 leather armour
 h - a +0 ring mail
 o - a +0 cloak (worn)
 u - a +0 cloak
 y - the +3 leather armour "Hissotik" (worn) {rElec}
   (You found it on level 3 of the Dungeon)

   rElec:     It insulates you from electricity.
Jewellery
 r - an amulet of the acrobat (around neck)
 s - a ring of flight (left hand)
Talismans
 x - a flux talisman
Scrolls
 f - 2 scrolls of enchant weapon {unknown}
 l - a scroll of enchant armour {unknown}
 n - a scroll of vulnerability {unknown}
 q - 2 scrolls of teleportation {unknown}
 w - a scroll of blinking {unknown}
Potions
 i - 2 potions of attraction {unknown}
 m - a potion of haste {unknown}
 p - a potion of enlightenment {unknown}
 v - a potion of lignification {unknown}


   Skills:
 + Level 4.9 Fighting
 + Level 4.9 Short Blades
 + Level 1.9 Long Blades
 + Level 1.9 Axes
 + Level 1.9 Maces & Flails
 + Level 1.9 Polearms
 + Level 1.9 Staves
 + Level 1.9 Ranged Weapons
 + Level 4.9 Throwing
 + Level 1.9 Armour
 + Level 3.2 Dodging
 + Level 8.0 Stealth
 + Level 1.9 Shields
 + Level 1.9 Unarmed Combat
 + Level 1.9 Spellcasting
 + Level 1.5 Conjurations
 + Level 1.5 Hexes
 + Level 1.5 Summonings
 + Level 1.5 Necromancy
 + Level 1.5 Translocations
 + Level 1.5 Fire Magic
 + Level 1.5 Ice Magic
 + Level 1.5 Air Magic
 + Level 1.5 Earth Magic
 + Level 1.5 Alchemy
 + Level 2.1 Invocations
 + Level 1.9 Evocations
 + Level 1.7 Shapeshifting


You had 8 spell levels left.
You didn't know any spells.
Your spell library contained the following spells:

 Spells                   Type           Power      Damage    Failure   Level
 Summon Small Mammal      Summ           12%        N/A       22%         1
 Call Canine Familiar     Summ           3%         N/A       56%         3
 Summon Blazeheart Golem  Fire/Summ      3%         N/A       92%         4


Dungeon Overview and Level Annotations

Branches:
Dungeon (3/15) Zot: 15936

Altars:
Makhleb
Ru
Zin


Innate Abilities, Weirdness & Mutations

You have very sharp teeth.
Your uncanny sense of smell can sniff out nearby items.
Your experience applies equally to all skills.


Message History

The bombardier beetle is heavily wounded.
You hit the bombardier beetle.
The bombardier beetle is severely wounded.
The bombardier beetle closely misses you.
You hit the bombardier beetle.
You bite the bombardier beetle, but do no damage.
The bombardier beetle is almost dead.
You hit the bombardier beetle but do no damage.
The bombardier beetle is almost dead.
The bombardier beetle closely misses you.
You hit the bombardier beetle but do no damage.
The bombardier beetle is almost dead.
You hit the bombardier beetle but do no damage.
The bombardier beetle is almost dead.
The bombardier beetle barely misses you.
You hit the bombardier beetle. Your bite misses the bombardier beetle.
The bombardier beetle is almost dead.
You hit the bombardier beetle but do no damage.
The bombardier beetle is almost dead.
The bombardier beetle bites you.
You hit the bombardier beetle.
You kill the bombardier beetle!
You have reached level 6!
You barely miss the ball python.
The ball python bites you but does no damage.
The ball python closely misses you.
You hit the ball python.
You bite the ball python, but do no damage.
The ball python is severely wounded.
The ball python closely misses you. The ball python grabs you.
The ball python constricts you.
You closely miss the ball python.
The ball python is severely wounded.
The ball python misses you. The ball python constricts you.
You closely miss the ball python.
The ball python is severely wounded.
You hit the ball python.
You kill the ball python!
The bombardier beetle sprays incendiary fluid at you.
The burning spray hits you.
You are covered in liquid fire!
You shake off some of the fire as you move.
The liquid fire burns you!
You hit the bombardier beetle.
The bombardier beetle is lightly wounded.
The liquid fire burns you!
The bombardier beetle bites you but does no damage.
You hit the bombardier beetle but do no damage.
You punch the bombardier beetle.
The bombardier beetle is moderately wounded.
The liquid fire burns you!
You closely miss the bombardier beetle.
The bombardier beetle is moderately wounded.
The liquid fire burns you!
The bombardier beetle closely misses you.
You hit the bombardier beetle but do no damage.
The bombardier beetle is moderately wounded.
The liquid fire burns you!
You completely miss the bombardier beetle.
The bombardier beetle is moderately wounded.
The liquid fire burns you! The bombardier beetle bites you.
You hit the bombardier beetle but do no damage.
You bite the bombardier beetle, but do no damage.
The bombardier beetle is lightly wounded.
The liquid fire burns you!
* * * LOW HITPOINT WARNING * * *
You hit the bombardier beetle.
The bombardier beetle is moderately wounded.
The liquid fire burns you!
* * * LOW HITPOINT WARNING * * *
The bombardier beetle bites you but does no damage.
You hit the bombardier beetle but do no damage.
The bombardier beetle is moderately wounded.
The liquid fire burns you!
* * * LOW HITPOINT WARNING * * *
You hit the bombardier beetle but do no damage.
The bombardier beetle is moderately wounded.
The liquid fire burns you!
* * * LOW HITPOINT WARNING * * *
You hit the bombardier beetle but do no damage.
The bombardier beetle is moderately wounded.
The liquid fire burns you!
* * * LOW HITPOINT WARNING * * *
The bombardier beetle barely misses you.
You hit the bombardier beetle but do no damage.
You punch the bombardier beetle.
The bombardier beetle is moderately wounded.
The liquid fire burns you!
* * * LOW HITPOINT WARNING * * *
You barely miss the bombardier beetle. You punch the bombardier beetle.
The bombardier beetle is heavily wounded.
The liquid fire burns you!
* * * LOW HITPOINT WARNING * * *
The bombardier beetle closely misses you.
You hit the bombardier beetle but do no damage.
You bite the bombardier beetle, but do no damage.
The bombardier beetle is heavily wounded.
The liquid fire burns you!
You die...

≈≈≈≈≈≈... #.###
.....≈..........
#...# ≈≈§≈.≈B#
....... ###.#
...§.≈.##)......
#.#
§_.≈.≈..........
#.#
.§.≈§≈..#.......
#.#
§§§≈.≈.##.......
#.# .....≈.#
.......########.#
≈≈≈≈≈≈...
#...B@........#
.......##
###############
.^#.#### ....#
.####


You could see a bombardier beetle.

Vanquished Creatures
  2 bombardier beetles (D:3)
  2 orc priests (D:3)
  Crazy Yiuf (D:2)
  4 adders
  A dart slug (D:1)
  2 orcs
  4 ball pythons
  4 bats (D:1)
  4 endoplasms
  5 giant cockroaches
  7 goblins
  3 hobgoblins
  2 jackals (D:2)
  5 kobolds
  4 quokkas
  4 frilled lizards
  6 rats
60 creatures vanquished.

Notes
Turn   | Place    | Note
-------+----------+-------------------------------------------
     0 | D:1      | jimonade the Gnoll Brigand began the quest for the Orb.
     0 | D:1      | Reached XP level 1. HP: 20/20 MP: 1/1
    88 | D:1      | Reached XP level 2. HP: 25/26 MP: 2/2
   276 | D:1      | Reached XP level 3. HP: 16/31 MP: 3/3
   734 | D:2      | Reached skill level 1 in Invocations
   788 | D:2      | Reached skill level 1 in Long Blades
   788 | D:2      | Reached skill level 1 in Axes
   788 | D:2      | Reached skill level 1 in Maces & Flails
   788 | D:2      | Reached skill level 1 in Polearms
   788 | D:2      | Reached skill level 1 in Staves
   788 | D:2      | Reached skill level 1 in Ranged Weapons
   788 | D:2      | Reached skill level 1 in Armour
   788 | D:2      | Reached skill level 1 in Shields
   788 | D:2      | Reached skill level 1 in Unarmed Combat
   788 | D:2      | Reached skill level 1 in Spellcasting
   788 | D:2      | Reached skill level 1 in Evocations
  1154 | D:2      | Found a runed translucent door.
  1155 | D:2      | Noticed Crazy Yiuf
  1169 | D:2      | Killed Crazy Yiuf
  1170 | D:2      | Reached skill level 1 in Conjurations
  1170 | D:2      | Reached skill level 1 in Hexes
  1170 | D:2      | Reached skill level 1 in Summonings
  1170 | D:2      | Reached skill level 1 in Necromancy
  1170 | D:2      | Reached skill level 1 in Translocations
  1170 | D:2      | Reached skill level 1 in Fire Magic
  1170 | D:2      | Reached skill level 1 in Ice Magic
  1170 | D:2      | Reached skill level 1 in Air Magic
  1170 | D:2      | Reached skill level 1 in Earth Magic
  1170 | D:2      | Reached skill level 1 in Alchemy
  1170 | D:2      | Reached skill level 1 in Shapeshifting
  1170 | D:2      | Reached XP level 4. HP: 20/38 MP: 0/5
  1473 | D:3      | Reached XP level 5. HP: 43/43 MP: 5/7
  1593 | D:3      | Found a burning altar of Makhleb.
  1593 | D:3      | Noticed a cacodemon
  1601 | D:3      | Found a glowing silver altar of Zin.
  1601 | D:3      | Noticed an angel
  1695 | D:3      | Found a sacrificial altar of Ru.
  1709 | D:3      | Became a worshipper of Ru the Awakened
  1939 | D:3      | Reached skill level 8 in Stealth
  1947 | D:3      | Identified the +3 leather armour "Hissotik" {rElec}
  2087 | D:3      | Reached XP level 6. HP: 46/50 MP: 8/8
  2104 | D:3      | HP: 2/50 [burnt (5)]
  2105 | D:3      | Incinerated by a bombardier beetle

Illustrated notes

Levels and vault maps discovered:
D:1:      eino_arrival_cavern_d, layout_rooms
D:2:      layout_rooms, nicolae_eternal_life, minivault_23,
          chequers_serial_rivers_micro_c, uniq_crazy_yiuf_cottage
D:3:      layout_loops_ring, grunt_temple_overflow_order_and_chaos_2,
          mainiacjoe_overflow_concentric_impassable,
          nicolae_figureground_sparkle

Skill      XL: |  1  2  3  4  5 |
---------------+----------------+-----
Invocations    | 1 2 |  2.1
Long Blades    | 1 |  1.9
Axes           | 1 |  1.9
Maces & Flails | 1 |  1.9
Polearms       | 1 |  1.9
Staves         | 1 |  1.9
Ranged Weapons | 1 |  1.9
Armour         | 1 |  1.9
Shields        | 1 |  1.9
Unarmed Combat | 1 |  1.9
Spellcasting   | 1 |  1.9
Evocations     | 1 |  1.9
Conjurations   | 1 |  1.5
Hexes          | 1 |  1.5
Summonings     | 1 |  1.5
Necromancy     | 1 |  1.5
Translocations | 1 |  1.5
Fire Magic     | 1 |  1.5
Ice Magic      | 1 |  1.5
Air Magic      | 1 |  1.5
Earth Magic    | 1 |  1.5
Alchemy        | 1 |  1.5
Shapeshifting  | 1 |  1.7
Dodging        | 3 |  3.2
Stealth        | 8 |  8.0
Fighting       | |  4.9
Short Blades   | |  4.9
Throwing       | |  4.9

Action                     |  1- 3 |  4- 6 || total
---------------------------+-------+-------++-------
  Melee: Dagger            |   104 |   125 ||   229
         Bite              |     8 |    21 ||    29
         Punch             |     2 |     4 ||     6
         Unarmed           |       |     3 ||     3
   Stab: Sleeping          |    10 |     7 ||    17
 Armour: Robe              |    50 |    30 ||    80
         Leather armour    |       |     7 ||     7
  Dodge: Dodged            |    50 |    69 ||   119
